PIO (24 & UNDER)
EAU CLAIRE ESQUIRES @ CHULA VISTA TACOS
06/14/2028
 
TOP OF THE 1ST
Eau Claire Esquires batting - Pitching for Chula Vista Tacos : RHP Tony Fullerton
Pitching: RHP Tony Fullerton
Batting: SHB José Gonzáles 0-0: Foul Ball, location: 2F
0-1: Ball
1-1: Foul Ball, location: 2F
1-2: SINGLE (Groundball, 6MD)
Batting: RHB Pedro García 0-0: SINGLE (Flyball, 8RS)
José Gonzáles to second
Batting: RHB Jason Stover 0-0: Called Strike
0-1: Ball
1-1: Fly out, F9 (Flyball, 9S)
Batting: RHB Rich Henley 0-0: Called Strike
José Gonzáles steals 3rd base
Pedro García to second
0-1: SINGLE (Line Drive, 8RS)
José Gonzáles scores
Pedro García to third
Runner from 3rd tries for Home, SAFE, no throw
Batting: RHB Eugenio Maldonado 0-0: Swinging Strike
0-1: SINGLE (Groundball, 56D)
Rich Henley to second
Batting: RHB Kyle McIntyre 0-0: Ball
1-0: Called Strike
1-1: Ball
Wild Pitch!
Rich Henley to third
Eugenio Maldonado to second
2-1: Fly out, F7 (Flyball, 7S)
Batting: LHB Miguel Arteaga 0-0: Ball
1-0: Ball
2-0: Called Strike
2-1: Ball
3-1: 3-RUN HOME RUN (Flyball, 9LD), Distance : 382 ft
Batting: RHB Francisco Fernández 0-0: Ball
1-0: Ball
2-0: Ball
3-0: Base on Balls
Batting: RHB Dave Anderson 0-0: SINGLE (Flyball, 9S)
Francisco Fernández to second
Runner from 2nd tries for 3rd, SAFE, throw made to third
Dave Anderson to second
Batting: SHB José Gonzáles 0-0: Called Strike
0-1: Fly out, F7 (Flyball, 7)
Top of the 1st over - 5 run(s), 6 hit(s), 0 error(s), 2 left on base; Eau Claire 5 - Chula Vista 0
BOTTOM OF THE 1ST
Chula Vista Tacos batting - Pitching for Eau Claire Esquires : RHP Robinson Alomar
Pitching: RHP Robinson Alomar
Batting: RHB Matt O'Rourke 0-0: Ball
1-0: Ground out 6-3 (Groundball, 56)
Batting: RHB Ron Garrett 0-0: Called Strike
0-1: Ball
1-1: Called Strike
1-2: Ball
2-2: Ball
3-2: Fly out, F8 (Line Drive, 8RM)
Batting: LHB Steven Smith 0-0: Ball
1-0: Ground out 4-3 (Groundball, 4)
Bottom of the 1st over - 0 run(s), 0 hit(s), 0 error(s), 0 left on base; Eau Claire 5 - Chula Vista 0
TOP OF THE 2ND
Eau Claire Esquires batting - Pitching for Chula Vista Tacos : RHP Tony Fullerton
Batting: RHB Pedro García 0-0: Foul Ball, location: 2F
0-1: Ball
1-1: Ball
2-1: Called Strike
2-2: Foul Ball, location: 2F
2-2: Foul Ball, location: 2F
2-2: SINGLE (Groundball, 6M) (infield hit)
Batting: RHB Jason Stover 0-0: SINGLE (Groundball, 4MD)
Pedro García to second
Batting: RHB Rich Henley 0-0: Grounds into double play, 6-4-3 (Groundball, 6M)
Pedro García to third
Batting: RHB Eugenio Maldonado 0-0: Ground out 6-3 (Groundball, 6)
Top of the 2nd over - 0 run(s), 2 hit(s), 0 error(s), 1 left on base; Eau Claire 5 - Chula Vista 0
BOTTOM OF THE 2ND
Chula Vista Tacos batting - Pitching for Eau Claire Esquires : RHP Robinson Alomar
Batting: RHB Jake Lawrence 0-0: Ball
1-0: Ball
2-0: Ball
3-0: Called Strike
3-1: Base on Balls
Batting: RHB Juan Morales 0-0: Ball
1-0: Called Strike
1-1: Foul Ball, location: 2F
1-2: Foul Ball, location: 2F
1-2: Strikes out looking
Batting: LHB Roderick Delgado 0-0: Ball
1-0: Ball
2-0: Foul Ball, location: 2F
2-1: Ball
3-1: Called Strike
3-2: Strikes out swinging
Jake Lawrence is caught stealing 2nd base
Batter strikes out.
Bottom of the 2nd over - 0 run(s), 0 hit(s), 0 error(s), 0 left on base; Eau Claire 5 - Chula Vista 0
TOP OF THE 3RD
Eau Claire Esquires batting - Pitching for Chula Vista Tacos : RHP Tony Fullerton
Batting: RHB Kyle McIntyre 0-0: Foul Ball, location: 2F
0-1: Ball
1-1: Fly out, F4 (Line Drive, 4MD)
Batting: LHB Miguel Arteaga 0-0: Called Strike
0-1: Fly out, F8 (Flyball, 8LM)
Batting: RHB Francisco Fernández 0-0: Ball
1-0: Ball
2-0: Ball
3-0: Called Strike
3-1: Base on Balls
Batting: RHB Dave Anderson 0-0: Ball
1-0: Swinging Strike
1-1: Ball
Francisco Fernández is caught stealing 2nd base
Top of the 3rd over - 0 run(s), 0 hit(s), 0 error(s), 0 left on base; Eau Claire 5 - Chula Vista 0
BOTTOM OF THE 3RD
Chula Vista Tacos batting - Pitching for Eau Claire Esquires : RHP Robinson Alomar
Batting: RHB Nate Atkinson 0-0: Ball
1-0: Ball
2-0: Foul Ball, location: 2F
2-1: Foul Ball, location: 2F
2-2: Ball
3-2: Strikes out swinging
Batting: RHB Domynguos Tabucchi 0-0: Ground out 1-3 (Groundball, 15)
Batting: RHB Preston Wooten 0-0: Ball
1-0: Ball
2-0: Called Strike
2-1: Fly out, F3 (Line Drive, 34)
Bottom of the 3rd over - 0 run(s), 0 hit(s), 0 error(s), 0 left on base; Eau Claire 5 - Chula Vista 0
TOP OF THE 4TH
Eau Claire Esquires batting - Pitching for Chula Vista Tacos : RHP Tony Fullerton
Batting: RHB Dave Anderson 0-0: Called Strike
0-1: Ball
1-1: Ball
2-1: Foul Ball, location: 2F
2-2: Strikes out swinging
Pitching: RHP Ron Davis
Batting: SHB José Gonzáles 0-0: Ball
1-0: Ball
2-0: Ball
3-0: Called Strike
3-1: Called Strike
3-2: Base on Balls
Batting: RHB Pedro García 0-0: Foul Ball, location: 2F
0-1: Ball
1-1: Ball
2-1: Foul Ball, location: 2F
2-2: Ball
3-2: Fly out, F5 (Line Drive, 5)
Lined into DP, 5-3 (Line Drive, 5)
Top of the 4th over - 0 run(s), 0 hit(s), 0 error(s), 0 left on base; Eau Claire 5 - Chula Vista 0
BOTTOM OF THE 4TH
Chula Vista Tacos batting - Pitching for Eau Claire Esquires : RHP Robinson Alomar
Batting: RHB Matt O'Rourke 0-0: Fly out, F4 (Popup, 4)
Batting: RHB Ron Garrett 0-0: Called Strike
0-1: Ball
1-1: Swinging Strike
1-2: Strikes out swinging
Batting: LHB Steven Smith 0-0: Called Strike
0-1: Ball
1-1: Ground out U3 (Groundball, 3S)
Bottom of the 4th over - 0 run(s), 0 hit(s), 0 error(s), 0 left on base; Eau Claire 5 - Chula Vista 0
TOP OF THE 5TH
Eau Claire Esquires batting - Pitching for Chula Vista Tacos : RHP Ron Davis
Batting: RHB Jason Stover 0-0: Ball
1-0: Fly out, F8 (Flyball, 8LD)
Batting: RHB Rich Henley 0-0: Ball
1-0: Ball
2-0: Ball
3-0: Base on Balls
Batting: RHB Eugenio Maldonado 0-0: Foul Ball, location: 2F
0-1: Foul Ball, location: 2F
0-2: SINGLE (Groundball, 6MD)
Rich Henley to second
Runner from 2nd tries for 3rd, SAFE, throw made to third
Batting: RHB Kyle McIntyre 0-0: Called Strike
0-1: Fielders Choice at 2nd, 6-4 (Groundball, 6)
Rich Henley scores
Batting: LHB Miguel Arteaga 0-0: Called Strike
0-1: Called Strike
0-2: Foul Ball, location: 2F
0-2: SINGLE (Groundball, 34D)
Kyle McIntyre to second
Runner from 2nd tries for 3rd, SAFE, no throw
Batting: RHB Francisco Fernández 0-0: Swinging Strike
0-1: Called Strike
Pickoff Throw by Catcher to First - Out!
Top of the 5th over - 1 run(s), 2 hit(s), 0 error(s), 0 left on base; Eau Claire 6 - Chula Vista 0
BOTTOM OF THE 5TH
Chula Vista Tacos batting - Pitching for Eau Claire Esquires : RHP Robinson Alomar
Batting: RHB Jake Lawrence 0-0: Foul Ball, location: 2F
0-1: Foul Ball, location: 2F
0-2: Strikes out swinging
Batting: RHB Juan Morales 0-0: Swinging Strike
0-1: Ball
1-1: Ball
2-1: Ball
3-1: Base on Balls
Batting: LHB Roderick Delgado 0-0: Called Strike
0-1: Foul Ball, location: 2F
0-2: Ball
1-2: Ball
2-2: Foul Ball, location: 2F
2-2: Ball
3-2: Strikes out swinging
Juan Morales is caught stealing 2nd base
Batter strikes out.
Bottom of the 5th over - 0 run(s), 0 hit(s), 0 error(s), 0 left on base; Eau Claire 6 - Chula Vista 0
TOP OF THE 6TH
Eau Claire Esquires batting - Pitching for Chula Vista Tacos : RHP Ron Davis
Batting: RHB Francisco Fernández 0-0: Foul Ball, location: 2F
0-1: Foul Ball, location: 2F
0-2: Strikes out swinging
Batting: RHB Dave Anderson 0-0: Ground out U3 (Groundball, 3)
Batting: SHB José Gonzáles 0-0: Ball
1-0: Foul Ball, location: 2F
1-1: Ball
2-1: Ball
3-1: Base on Balls
Batting: RHB Pedro García 0-0: Called Strike
José Gonzáles is caught stealing 2nd base
Top of the 6th over - 0 run(s), 0 hit(s), 0 error(s), 0 left on base; Eau Claire 6 - Chula Vista 0
BOTTOM OF THE 6TH
Chula Vista Tacos batting - Pitching for Eau Claire Esquires : RHP Robinson Alomar
Batting: RHB Nate Atkinson 0-0: Called Strike
0-1: Foul Ball, location: 2F
0-2: Ball
1-2: SINGLE (Groundball, 34D)
Batting: RHB Domynguos Tabucchi 0-0: Foul Ball, location: 2F
0-1: Foul Ball, location: 2F
0-2: Ball
1-2: Strikes out swinging
Batting: RHB Preston Wooten 0-0: Foul Ball, location: 2F
0-1: Ball
1-1: Ball
2-1: Foul Ball, location: 2F
2-2: Strikes out looking
Batting: RHB Matt O'Rourke 0-0: Ball
1-0: Ball
2-0: Foul Ball, location: 2F
2-1: Foul Ball, location: 2F
2-2: Ball
3-2: Strikes out swinging
Bottom of the 6th over - 0 run(s), 1 hit(s), 0 error(s), 1 left on base; Eau Claire 6 - Chula Vista 0
TOP OF THE 7TH
Eau Claire Esquires batting - Pitching for Chula Vista Tacos : RHP Ron Davis
Batting: RHB Pedro García 0-0: Ball
1-0: Ground out 4-3 (Groundball, 4)
Batting: RHB Jason Stover 0-0: Called Strike
0-1: TRIPLE (Flyball, 89XD)
Batting: RHB Rich Henley 0-0: Called Strike
0-1: Ball
1-1: Fly out, F8 (Flyball, 8LS)
Runner from 3rd tags up, SCORES, throw made
Batting: RHB Eugenio Maldonado 0-0: Ball
1-0: Fly out, F3 (Flyball, 3D)
Top of the 7th over - 1 run(s), 1 hit(s), 0 error(s), 0 left on base; Eau Claire 7 - Chula Vista 0
BOTTOM OF THE 7TH
Chula Vista Tacos batting - Pitching for Eau Claire Esquires : RHP Robinson Alomar
Batting: RHB Ron Garrett 0-0: Ground out 6-3 (Groundball, 6M)
Batting: LHB Steven Smith 0-0: Called Strike
0-1: Ball
1-1: Ball
2-1: Ball
3-1: Called Strike
3-2: Fly out, F7 (Flyball, 7D)
Batting: RHB Jake Lawrence 0-0: Ground out 6-3 (Groundball, 6S)
Bottom of the 7th over - 0 run(s), 0 hit(s), 0 error(s), 0 left on base; Eau Claire 7 - Chula Vista 0
TOP OF THE 8TH
Eau Claire Esquires batting - Pitching for Chula Vista Tacos : RHP Ron Davis
Batting: RHB Kyle McIntyre 0-0: Called Strike
0-1: Called Strike
0-2: Ball
1-2: Foul Ball, location: 2F
1-2: Ball
2-2: Strikes out swinging
Pitching: RHP Gerald McClure
Batting: LHB Miguel Arteaga 0-0: Foul Ball, location: 2F
0-1: Ball
1-1: Ball
2-1: Ball
3-1: Base on Balls
Batting: RHB Francisco Fernández 0-0: Ball
Miguel Arteaga steals 2nd base
1-0: Called Strike
1-1: Ground out 5-3 (Groundball, 56)
Batting: RHB Dave Anderson 0-0: Called Strike
0-1: Ball
1-1: Ball
2-1: Swinging Strike
2-2: Strikes out swinging
Top of the 8th over - 0 run(s), 0 hit(s), 0 error(s), 1 left on base; Eau Claire 7 - Chula Vista 0
BOTTOM OF THE 8TH
Chula Vista Tacos batting - Pitching for Eau Claire Esquires : RHP Robinson Alomar
Pitching: LHP Pedro Rodríguez
Batting: RHB Juan Morales 0-0: Called Strike
0-1: Foul Ball, location: 2F
0-2: Ball
1-2: Ball
2-2: Ball
3-2: Ground out 4-3 (Groundball, 4)
Batting: LHB Roderick Delgado 0-0: Called Strike
0-1: Ball
1-1: Ball
2-1: Ball
3-1: SINGLE (Groundball, 4MD)
Batting: RHB Nate Atkinson 0-0: Swinging Strike
0-1: Ball
1-1: Ball
2-1: Ball
3-1: Foul Ball, location: 2F
3-2: Strikes out swinging
Batting: RHB Domynguos Tabucchi 0-0: Ball
1-0: Ball
2-0: Fielders Choice at 2nd, 5-4 (Groundball, 5)
Bottom of the 8th over - 0 run(s), 1 hit(s), 0 error(s), 0 left on base; Eau Claire 7 - Chula Vista 0
TOP OF THE 9TH
Eau Claire Esquires batting - Pitching for Chula Vista Tacos : RHP Gerald McClure
Batting: SHB José Gonzáles 0-0: Called Strike
0-1: Foul Ball, location: 2F
0-2: Ball
1-2: Foul Ball, location: 2F
1-2: Ball
2-2: Strikes out looking
Batting: RHB Pedro García 0-0: Called Strike
0-1: Ball
1-1: Ball
2-1: Called Strike
2-2: Foul Ball, location: 2F
2-2: Foul Ball, location: 2F
2-2: Ball
3-2: Base on Balls
Batting: RHB Jason Stover 0-0: Ball
Pedro García steals 2nd base
1-0: Foul Ball, location: 2F
1-1: Swinging Strike
1-2: Fly out, F6 (Line Drive, 6M)
Batting: RHB Rich Henley 0-0: Called Strike
0-1: Ball
1-1: Foul Ball, location: 2F
1-2: Strikes out swinging
Top of the 9th over - 0 run(s), 0 hit(s), 0 error(s), 1 left on base; Eau Claire 7 - Chula Vista 0
BOTTOM OF THE 9TH
Chula Vista Tacos batting - Pitching for Eau Claire Esquires : LHP Pedro Rodríguez
Now at 1B: José García
Batting: RHB Preston Wooten 0-0: Foul Ball, location: 2F
0-1: Swinging Strike
0-2: Ball
1-2: Ball
2-2: Ball
3-2: Base on Balls
Batting: RHB Matt O'Rourke 0-0: Ball
1-0: Hit by Pitch
Preston Wooten to second
Pinch Runner at 1st Tony Varela:
Batting: RHB Ron Garrett 0-0: Called Strike
0-1: Fly out, F9 (Flyball, 9LM)
Batting: LHB Steven Smith 0-0: Ball
1-0: Ball
2-0: Ball
Wild Pitch!
Preston Wooten to third
Tony Varela to second
3-0: Foul Ball, location: 2F
3-1: Called Strike
3-2: Fly out, F7 (Flyball, 7LS)
Runner from 3rd tags up, SCORES, throw made
Batting: RHB Jake Lawrence 0-0: Ball
1-0: Fly out, F9 (Flyball, 89S)
Bottom of the 9th over - 1 run(s), 0 hit(s), 0 error(s), 1 left on base; Eau Claire 7 - Chula Vista 1
Tuesday, August 8th, 2017 - OOTP Baseball 17.12 Build 75